 Dungeon Crawl Stone Soup version 0.16-a0-3154-g62f4276 (webtiles) character file.

5380 Reynoldscorey the Champion of Chaos (level 10, -5/61 HPs)
             Began as a Lacertilian Monk on Feb 22, 2015.
             Was the Champion of Makhleb.
             Slain by a green death (23 damage)
             ... summoned by the player character
             ... on level 8 of the Dungeon.
             The game lasted 00:47:26 (11853 turns).

Reynoldscorey the Champion of Chaos (LaMo)         Turns: 11853, Time: 00:47:26

Health: -5/61      AC: 17    Str: 13    XL:     10   Next: 39%
Magic:  26/26      EV:  6    Int: 10    God:    Makhleb [******]
Gold:   377        SH: 11    Dex: 18    Spells: 0 memorised, 9 levels left

rFire  + . .     SeeInvis .     w - -1 dagger (curse)
rCold  . . .     Clarity  .     i - +1 chain mail {rF+}
rNeg   . . .     SustAb   .     j - +0 shield
rPois  .         Gourm    .     J - +1 hat
rElec  .         Spirit   .     (no cloak)
rCorr  .         Warding  .     (no gloves)
rMut   .         Stasis   .     v - +2 pair of boots
MR     .....                    (no amulet)
Stlth  +.........               (no ring)
                                (no ring)

@: lethally poisoned, about to teleport, not resistant to hostile enchantments,
very unstealthy
A: strong connection with the divine, slimy green scales 2, camouflage 2
a: Minor Destruction, Lesser Servant of Makhleb, Major Destruction, Greater
Servant of Makhleb, Renounce Religion


You were on level 8 of the Dungeon.
You worshipped Makhleb.
Makhleb was exalted by your worship.
You were hungry.

You visited 1 branch of the dungeon, and saw 9 of its levels.
You also visited: Ossuary.

You collected 377 gold pieces.

Inventory:

Hand weapons
 h - a cursed +5 dagger
 n - the +2 flail "Muetum" {venom, *Rage Int+3}
   (You found it on level 5 of the Dungeon)

   It poisons the flesh of those it strikes.
   It affects your intelligence (+3).
   It may make you go berserk in combat.
 q - a +0 dagger
 s - a +0 long sword
 w - a cursed -1 dagger (weapon)
 E - a cursed -2 whip
 H - a -2 trident
Missiles
 r - a throwing net (quivered)
Armour
 a - a +0 robe
 i - a +1 chain mail of fire resistance (worn)
 j - a +0 shield (worn)
 t - a +1 leather armour
 v - a +2 pair of boots (worn)
 J - a +1 hat (worn)
Magical devices
 e - a wand of digging (7)
 x - a wand of random effects (33)
 A - a wand of confusion (23)
Scrolls
 c - 2 scrolls of fog
 g - 3 scrolls of amnesia
 m - 2 scrolls of teleportation
 y - a scroll of vulnerability
 F - a scroll of fear
Potions
 f - a potion of brilliance
 l - a potion of poison
 o - 2 potions of heal wounds
 p - a potion of lignification
 u - a potion of degeneration
 z - a potion of cancellation
 B - 2 potions of curing
 C - a potion of haste
 D - a potion of ambrosia
 G - a potion of decay
Books
 d - a book of Changes

   Spells                             Type                      Level
   a - Beastly Appendage              Transmutation                1
   b - Sticks to Snakes               Transmutation                2
   c - Spider Form                    Transmutation/Poison         3
   d - Ice Form                       Ice/Transmutation            4
   e - Blade Hands                    Transmutation                5
Comestibles
 b - 6 bread rations
 k - 6 meat rations


   Skills:
 - Level 2.4 Fighting
 - Level 3.1 Armour
 - Level 4.4 Dodging
 - Level 2.4 Stealth
 * Level 7.7 Shields
 - Level 3.6 Unarmed Combat
 - Level 15.3 Invocations


You had 9 spell levels left.
You didn't know any spells.

Dungeon Overview and Level Annotations

Branches:
Dungeon (9/15)             Temple (0/1) D:7
   Lair: D:8-11         Orc: D:9-12

Altars:
Ashenzari
Gozag
Makhleb
Nemelex Xobeh
Qazlal
Ru
Sif Muna
Trog
Xom

Shops:
D:5 (


Innate Abilities, Weirdness & Mutations

You have a strong connection with the divine.
You may change religions without suffering divine wrath.
You are mostly covered in slimy green scales (AC +3).
Your skin blends seamlessly with your surroundings (Stealth).


Message History

There is a stone staircase leading down here.
Read which item? (? for menu, Esc to quit)
As you read the scroll of teleportation, it crumbles to dust.
You feel strangely unstable. The green death gestures at you.
The blast of poison engulfs you!
You are poisoned.
You block the wight's attack.
Unknown command.
Your chain mail prevents you from hitting the wight.
You are engulfed in poison gas.
You are more poisoned.
You feel very sick.
The green death hits you but does no damage.
You block the wight's attack. The green death hits you.
Drink which item? (? for menu, Esc to quit)
You feel better.
You are engulfed in poison gas.
You are poisoned.
You feel sick. The wight hits you but does no damage.
The green death hits you!!
You die...

########
###########.....>#
#.............##.##
#.#§######.#.#....##
#.#z# #.##........
#.#2# ##.###....##
#.#@# ##.#.##.##
#.#z# ##.###.# #.#§#
### #.# #.§§# #.#
##(.# #.### #..#
#.).# #..# ###..
#..# ##.. #..# #...


You could see a green death and 2 wights.

Vanquished Creatures
  A hill giant (D:8)
  A hippogriff (D:7)
  4 phantoms
  2 ice beasts
  4 ogres
  3 centaurs
  5 giant frogs
  4 scorpions
  2 killer bees (D:7)
  2 jellies (D:6)
  3 wights (D:9)
  A crimson imp (D:8)
  A centaur zombie (D:6)
  4 goliath beetles
  5 hounds
  A centaur skeleton (D:7)
  3 gnoll shamans
  2 orc priests
  4 giant frog skeletons
  A giant frog zombie (D:7)
  11 orc wizards
  3 worker ants
  2 iguanas
  4 big kobold zombies (Ossuary)
  Ijyb (D:5)
  2 hound skeletons
  10 adders
  31 gnolls
  2 giant mites (D:4)
  3 shadow imps
  A worm (D:4)
  4 giant geckos
  An ooze (D:1)
  28 orcs
  4 spectral bats (Ossuary)
  11 bats
  A bat zombie (D:8)
  12 hobgoblins
  25 jackals
  3 quokkas
  A ball python (D:3)
  A bat simulacrum (Ossuary)
  7 giant cockroaches
  A giant gecko skeleton (D:4)
  5 giant newts
  4 gnoll zombies (Ossuary)
  9 goblins
  A goblin simulacrum (Ossuary)
  4 goblin zombies (Ossuary)
  3 hobgoblin zombies (Ossuary)
  15 kobolds
  3 kobold simulacra (Ossuary)
  A kobold zombie (Ossuary)
  4 orc zombies (Ossuary)
  13 rats
  A rat simulacrum (Ossuary)
  2 spectral goblins (Ossuary)
  A spectral kobold (Ossuary)
  A spectral rat (Ossuary)
289 creatures vanquished.

Vanquished Creatures (collateral kills)
  A hill giant (D:8)
  A spriggan (D:7)
  A hungry ghost (D:8)
  2 ice beasts (D:5)
  A crocodile (D:8)
  A giant frog (D:5)
  A wyvern zombie (D:5)
  A gnoll sergeant (D:3)
  A killer bee (D:7)
  A scorpion (D:8)
  A hound (D:8)
  A crimson imp (D:7)
  A worker ant (D:7)
  3 orc wizards
  A mummy (Ossuary)
  2 orcs
  3 bat simulacra (Ossuary)
  4 gnoll zombies (Ossuary)
  A hobgoblin (D:7)
  A quokka (D:7)
  A bat (D:8)
  2 hobgoblin zombies (Ossuary)
  An orc zombie (Ossuary)
  2 spectral kobolds (Ossuary)
35 creatures vanquished.

Vanquished Creatures (others)
  A smoke demon (D:8)
  A neqoxec (D:8)
  2 ufetubi
  A goblin zombie (Ossuary)
  A hobgoblin zombie (Ossuary)
  A kobold zombie (Ossuary)
7 creatures vanquished.

Grand Total: 331 creatures vanquished

Notes
Turn   | Place    | Note
--------------------------------------------------------------
     0 | D:1      | Reynoldscorey, the Lacertilian Monk, began the quest for the Orb.
     0 | D:1      | Reached XP level 1. HP: 15/15 MP: 1/1
   316 | D:1      | Reached XP level 2. HP: 20/20 MP: 2/2
   348 | D:1      | Reached skill level 1 in Armour
  1137 | D:2      | Reached XP level 3. HP: 21/25 MP: 3/3
  1416 | D:2      | Found a shimmering altar of Xom.
  1964 | D:2      | Reached skill level 4 in Dodging
  2371 | D:3      | Reached XP level 4. HP: 26/30 MP: 3/3
  3061 | D:3      | Found a burning altar of Makhleb.
  3147 | D:4      | Noticed a phantom
  3193 | D:3      | Became a worshipper of Makhleb the Destroyer
  3193 | D:3      | Acquired Makhleb's first power
  3193 | D:3      | Acquired Makhleb's second power
  3326 | D:3      | Noticed a moth of wrath
  3329 | D:3      | Found a bloodstained altar of Trog.
  3764 | D:3      | Reached XP level 5. HP: 35/35 MP: 4/4
  3778 | D:3      | Reached skill level 1 in Invocations
  4032 | D:4      | Killed a phantom
  4201 | D:4      | Reached skill level 5 in Invocations
  4201 | D:4      | Reached XP level 6. HP: 35/41 MP: 10/10
  4314 | D:4      | Found a shattered altar of Ashenzari.
  4314 | D:4      | Found a sparkling altar of Nemelex Xobeh.
  4334 | D:4      | Noticed a phantom
  4651 | D:4      | Killed a phantom
  4651 | D:4      | Reached skill level 6 in Invocations
  4953 | D:4      | Reached skill level 7 in Invocations
  5000 | D:4      | Noticed a phantom
  5013 | D:4      | Killed a phantom
  5013 | D:4      | Gained mutation: Your skin blends seamlessly with your surroundings (Stealth). [lacertilian growth]
  5013 | D:4      | Reached XP level 7. HP: 43/45 MP: 13/15
  5073 | D:4      | Found a shattered altar of Ashenzari.
  5234 | D:4      | Acquired Makhleb's third power
  5247 | D:4      | Reached skill level 8 in Invocations
  5864 | D:3      | Reached skill level 9 in Invocations
  6179 | D:4      | Acquired Makhleb's fourth power
  6185 | D:4      | Reached skill level 10 in Invocations
  6203 | D:4      | Reached XP level 8. HP: 43/51 MP: 20/20
  6825 | D:4      | Acquired Makhleb's fifth power
  7002 | D:5      | Entered Level 5 of the Dungeon
  7026 | D:5      | Noticed Ijyb
  7035 | D:5      | Killed Ijyb
  7035 | D:5      | Reached skill level 11 in Invocations
  7129 | D:5      | Reached skill level 12 in Invocations
  7515 | D:5      | Found a sacrificial altar of Ru.
  7564 | D:5      | Found a sand-covered staircase.
  7574 | Ossuary  | Entered an ossuary
  7808 | Ossuary  | Reached skill level 13 in Invocations
  8099 | D:5      | Found Xiurhyek's Antique Weapon Shop.
  8120 | D:5      | Got a crystal flail
  8124 | D:5      | Identified the +2 flail "Muetum" {venom, *Rage Int+3} (You found it on level 5 of the Dungeon)
  8570 | D:6      | Reached XP level 9. HP: 51/55 MP: 24/24
  8661 | D:6      | Reached skill level 1 in Shields
  9034 | D:6      | Found a deep blue altar of Sif Muna.
  9428 | D:6      | Found an opulent altar of Gozag.
  9486 | D:6      | Reached skill level 14 in Invocations
  9910 | D:7      | Found a shattered altar of Ashenzari.
 10127 | D:7      | Reached skill level 5 in Shields
 10164 | D:7      | Found a staircase to the Ecumenical Temple.
 10332 | D:7      | Found a stormy altar of Qazlal.
 10526 | D:8      | Noticed a hill giant
 10536 | D:8      | Killed a hill giant
 10536 | D:8      | Reached XP level 10. HP: 49/61 MP: 25/25
 10721 | D:8      | Noticed a hill giant
 10735 | D:8      | Killed a hill giant
 10735 | D:8      | Reached skill level 15 in Invocations
 11853 | D:8      | Slain by a green death

Action                   |  1- 3 |  4- 6 |  7- 9 | 10-12 || total
-------------------------+-------+-------+-------+-------++-------
Melee: Unarmed           |   156 |       |       |       ||   156
       Dagger            |     6 |   148 |   227 |    48 ||   429
       Trident           |       |       |     5 |       ||     5
Invok: Minor Destruction |       |    94 |   441 |    79 ||   614
       Lesser Servant of |       |       |     8 |     2 ||    10
       Greater Servant o |       |       |     1 |     1 ||     2
       Major Destruction |       |       |     1 |     3 ||     4
  Use: Scroll            |       |    10 |    15 |     1 ||    26
       Potion            |       |     3 |     2 |     1 ||     6
 Stab: Sleeping          |    12 |     1 |     6 |     1 ||    20
       Distracted        |       |     2 |     1 |       ||     3
  Eat: Chunk             |     4 |     4 |    13 |     6 ||    27
       Fruit             |       |     3 |     1 |       ||     4
       Beef jerky        |       |     1 |     2 |     1 ||     4
       Bread ration      |       |     1 |     3 |       ||     4
